cohdb
Replays
Latest Replays
All Replays
Popular Replays
Top Player Replays
Match Explorer
How It Works
Community
CoH3 Stats
Reddit
Sign in to upload your games and track your stats! →
Sign in with Steam
Match 42933084
Unlisted
Match 42933084
Overview
Messages
Build Orders
End
Panzerpioneer Squad
Selects Panzerjäger Kommand Battlegroup
Selects Blockade Equipment
250 Light Carrier
250 Light Carrier
Construct Light Support Kompanie
Selects GrB 39 Grenade Launcher Requisition
Assault Grenadier Squad
Assault Grenadier Squad
Assault Grenadier Squad
Fire Support Elements
2.5-tonne Medical Truck
Selects Defensive Positions
Construct Panzerarmee Kommand
Panzer III L Medium Tank
Tungsten Core Ammunition
Vehicle Survival Package
Selects Butterfly Bomb Drop
Butterfly Bomb Drop
Armored Reserves
Butterfly Bomb Drop
Assault Grenadier Squad
Selects Crew Shock Tactics
Tiger Heavy Tank
Allure Love
Anson.W
油菜花
lihao
Morison
matrix4x4
河北小阳人
Хтонь
0
0
Comments
sign in to comment!
No comments posted yet!